General information
- name: BNet
- type: Ladder team game (AT/RT)
- host: Battle.net
- saver: Ze.Rath3isaFaig
map: Deadlock
- players: 8
- length: 25:32
- speed: Fast
- version: 1.23 W3XP
- replay type: Public
» download(212 KB)
Players
team 1 (loser)
Ibos. (
red | 125 APM | 3164 actions | 25:13)
5 Blademaster
3 Wind Walk
2 Critical Strike
» actions
| Assign group hotkey | 57 | |
| Basic commands | 176 | |
| Build / train | 79 | |
| ESC pressed | 7 | |
| Enter build submenu | 31 | |
| Enter hero's abilities submenu | 5 | |
| Give item / drop item | 3 | |
| Right click | 978 | |
| Select / deselect | 278 | |
| Select group hotkey | 1380 | |
| Use ability | 170 | |
3164 total
» units
| Peon | 18 | |
| Grunt | 8 | |
| Demolisher | 4 | |
| Troll Batrider | 19 | |
49 total
» upgrades
» buildings
| Altar of Storms | 1 | |
| Orc Burrow | 5 | |
| Barracks | 1 | |
| Voodoo Lounge | 1 | |
| War Mill | 1 | |
| Stronghold | 1 | |
| Watch Tower | 13 | |
| Beastiary | 2 | |
| Great Hall | 2 | |
| Spirit Lodge | 2 | |
| Fortress | 1 | |
30 total
» build order
00:06 Altar of Storms
00:11 Orc Burrow
00:39 Barracks
01:31 Orc Burrow
02:22 Voodoo Lounge
03:21 War Mill
04:05 Stronghold
04:07 Orc Burrow
05:56 Orc Burrow
06:01 Watch Tower
06:04 Watch Tower
06:55 Watch Tower
06:58 Watch Tower
07:05 Watch Tower
09:54 Beastiary
13:11 Orc Burrow
15:01 Watch Tower
15:02 Watch Tower
15:32 Watch Tower
15:42 Watch Tower
16:43 Watch Tower
16:56 Watch Tower
17:03 Watch Tower
17:10 Beastiary
17:23 Great Hall
17:36 Watch Tower
18:49 Spirit Lodge
18:51 Fortress
19:40 Great Hall
21:55 Spirit Lodge
» items
| Dust of Appearance | 2 | |
| Lesser Clarity Potion | 6 | |
| Healing Salve | 3 | |
| Scroll of Speed | 1 | |
| Boots of Speed | 2 | |
| Staff of Teleportation | 1 | |
| Potion of Lesser Invulnerability | 2 | |
| Scroll of Town Portal | 2 | |
| Scroll of Healing | 1 | |
| Scroll of Protection | 1 | |
21 total
po0py (
teal | 62 APM | 1567 actions | 25:23)
4 Priestess of the Moon
2 Trueshot Aura
2 Scout
5 Goblin Tinker
3 Pocket Factory
2 Engineering Upgrade
» actions
| Assign group hotkey | 28 | |
| Basic commands | 84 | |
| Build / train | 91 | |
| ESC pressed | 11 | |
| Enter build submenu | 23 | |
| Enter hero's abilities submenu | 10 | |
| Give item / drop item | 1 | |
| Remove unit from queue | 1 | |
| Right click | 633 | |
| Select / deselect | 307 | |
| Select group hotkey | 294 | |
| Use ability | 84 | |
1567 total
» units
| Wisp | 36 | |
| Chimaera | 9 | |
| Hippogryph | 10 | |
| Druid of the Talon | 1 | |
56 total
» upgrades
| Strength of the Wild | 3 | |
| Corrosive Breath | 1 | |
| Reinforced Hides | 3 | |
| Ultravision | 1 | |
| Well Spring | 1 | |
| Druid of the Talon Training | 1 | |
10 total
» buildings
| Altar of Elders | 1 | |
| Moon Well | 11 | |
| Tree of Ages | 1 | |
| Hunter's Hall | 1 | |
| Tree of Life | 1 | |
| Ancient of Wind | 1 | |
| Tree of Eternity | 1 | |
| Ancient of Wonders | 1 | |
| Chimaera Roost | 4 | |
22 total
» build order
00:15 Altar of Elders
00:19 Moon Well
02:25 Tree of Ages
02:38 Hunter's Hall
02:39 Moon Well
03:59 Tree of Life
05:17 Ancient of Wind
06:27 Tree of Eternity
06:44 Moon Well
06:45 Moon Well
06:47 Moon Well
06:49 Moon Well
07:50 Moon Well
07:52 Moon Well
08:52 Ancient of Wonders
09:03 Chimaera Roost
09:06 Chimaera Roost
09:30 Chimaera Roost
09:33 Chimaera Roost
10:33 Moon Well
10:34 Moon Well
11:38 Moon Well
» items
| Healing Salve | 1 | |
| Lesser Clarity Potion | 1 | |
| Orb of Venom | 1 | |
| Scroll of Town Portal | 5 | |
| Scroll of Healing | 1 | |
| Moonstone | 1 | |
10 total

»
HClinton (
blue | 59 APM | 1487 actions | 25:16)
6 Warden
3 Shadow Strike
2 Fan of Knives
1 Spirit of Vengeance
» actions
| Assign group hotkey | 15 | |
| Basic commands | 23 | |
| Build / train | 85 | |
| Enter build submenu | 20 | |
| Enter hero's abilities submenu | 6 | |
| Right click | 852 | |
| Select / deselect | 295 | |
| Select group hotkey | 97 | |
| Use ability | 94 | |
1487 total
» units
| Wisp | 19 | |
| Huntress | 7 | |
| Glaive Thrower | 2 | |
| Razormane Medicine Man | 5 | |
| Hippogryph | 19 | |
| Archer | 6 | |
58 total
» upgrades
| Vorpal Blades | 1 | |
| Improved Bows | 1 | |
| Marksmanship | 1 | |
| Strength of the Wild | 1 | |
| Reinforced Hides | 1 | |
5 total
» buildings
| Altar of Elders | 2 | |
| Moon Well | 8 | |
| Hunter's Hall | 1 | |
| Ancient of War | 3 | |
| Tree of Ages | 2 | |
| Tree of Life | 2 | |
| Ancient of Wonders | 1 | |
| Tree of Eternity | 1 | |
| Ancient of Wind | 6 | |
26 total
» build order
00:07 Altar of Elders
00:12 Moon Well
01:38 Hunter's Hall
01:44 Ancient of War
01:56 Moon Well
02:11 Moon Well
02:43 Ancient of War
03:02 Moon Well
03:40 Moon Well
05:20 Tree of Ages
05:20 Tree of Ages
05:26 Tree of Life
05:40 Moon Well
07:43 Ancient of Wonders
11:23 Tree of Eternity
12:00 Ancient of Wind
12:03 Ancient of Wind
16:49 Moon Well
16:57 Ancient of Wind
16:57 Ancient of Wind
16:58 Ancient of Wind
16:58 Ancient of Wind
20:48 Moon Well
20:50 Ancient of War
22:26 Tree of Life
23:07 Altar of Elders
» items
| Boots of Speed | 1 | |
| Scroll of Town Portal | 5 | |
| Potion of Healing | 5 | |
| Orb of Venom | 1 | |
12 total

»
Shog (
green | 61 APM | 1549 actions | 25:31)
5 Death Knight
3 Death Coil
2 Unholy Aura
» actions
| Assign group hotkey | 50 | |
| Basic commands | 35 | |
| Build / train | 59 | |
| Enter build submenu | 21 | |
| Enter hero's abilities submenu | 5 | |
| Remove unit from queue | 2 | |
| Right click | 543 | |
| Select / deselect | 283 | |
| Select group hotkey | 501 | |
| Use ability | 50 | |
1549 total
» units
| Acolyte | 8 | |
| Ghoul | 5 | |
| Crypt Fiend | 17 | |
| Frost Wyrm | 5 | |
35 total
» upgrades
| Creature Attack | 3 | |
| Web | 1 | |
| Creature Carapace | 2 | |
6 total
» buildings
| Crypt | 1 | |
| Ziggurat | 17 | |
| Altar of Darkness | 1 | |
| Graveyard | 1 | |
| Tomb of Relics | 1 | |
| Halls of the Dead | 1 | |
| Nerubian Tower | 6 | |
| Black Citadel | 1 | |
| Sacrificial Pit | 1 | |
| Boneyard | 2 | |
| Spirit Tower | 1 | |
33 total
» build order
00:30 Crypt
00:35 Ziggurat
00:53 Altar of Darkness
00:58 Ziggurat
01:22 Graveyard
02:00 Tomb of Relics
02:47 Ziggurat
05:06 Halls of the Dead
07:23 Nerubian Tower
07:49 Black Citadel
08:09 Sacrificial Pit
08:35 Ziggurat
08:35 Ziggurat
08:36 Ziggurat
09:32 Nerubian Tower
09:38 Nerubian Tower
11:20 Boneyard
11:49 Ziggurat
11:51 Ziggurat
12:04 Boneyard
13:25 Nerubian Tower
15:20 Ziggurat
15:24 Ziggurat
15:25 Ziggurat
18:30 Ziggurat
18:30 Ziggurat
18:31 Ziggurat
18:33 Ziggurat
19:15 Ziggurat
19:17 Ziggurat
21:27 Nerubian Tower
23:05 Nerubian Tower
23:49 Spirit Tower
» items
team 2 (winner)
Ze.Rath3isaFaig (
pink | 89 APM | 2280 actions | 25:32)
6 Death Knight
3 Death Coil
2 Unholy Aura
1 Animate Dead
5 Lich
3 Frost Nova
2 Frost Armor
» actions
| Assign group hotkey | 25 | |
| Basic commands | 543 | |
| Build / train | 66 | |
| Enter build submenu | 21 | |
| Enter hero's abilities submenu | 12 | |
| Give item / drop item | 1 | |
| Right click | 678 | |
| Select / deselect | 398 | |
| Select group hotkey | 450 | |
| Use ability | 86 | |
2280 total
» units
| Acolyte | 7 | |
| Ghoul | 4 | |
| Crypt Fiend | 13 | |
| Frost Wyrm | 7 | |
31 total
» upgrades
| Web | 1 | |
| Creature Attack | 2 | |
| Creature Carapace | 2 | |
5 total
» buildings
| Graveyard | 1 | |
| Crypt | 2 | |
| Ziggurat | 11 | |
| Altar of Darkness | 1 | |
| Nerubian Tower | 1 | |
| Tomb of Relics | 1 | |
| Halls of the Dead | 2 | |
| Necropolis | 1 | |
| Black Citadel | 1 | |
| Sacrificial Pit | 1 | |
| Boneyard | 2 | |
24 total
» build order
00:21 Graveyard
00:24 Crypt
00:38 Ziggurat
01:06 Altar of Darkness
01:19 Ziggurat
01:38 Nerubian Tower
02:06 Tomb of Relics
04:27 Halls of the Dead
04:28 Halls of the Dead
04:30 Ziggurat
05:58 Necropolis
07:20 Black Citadel
09:39 Sacrificial Pit
10:37 Ziggurat
11:29 Boneyard
11:30 Boneyard
12:27 Ziggurat
15:40 Ziggurat
15:41 Ziggurat
18:48 Ziggurat
18:49 Ziggurat
18:49 Ziggurat
18:50 Ziggurat
20:49 Crypt
» items
| Rod of Necromancy | 1 | |
| Potion of Healing | 2 | |
| Orb of Corruption | 1 | |
| Scroll of Town Portal | 3 | |
| Scroll of Healing | 2 | |
| Scroll of Protection | 1 | |
| Potion of Lesser Invulnerability | 1 | |
11 total

»
ZestyTomatoes (
yellow | 48 APM | 1221 actions | 25:32)
2 Priestess of the Moon
1 Searing Arrows
1 Trueshot Aura
» actions
| Assign group hotkey | 51 | |
| Basic commands | 142 | |
| Build / train | 54 | |
| ESC pressed | 5 | |
| Enter build submenu | 21 | |
| Enter hero's abilities submenu | 2 | |
| Remove unit from queue | 3 | |
| Right click | 314 | |
| Select / deselect | 315 | |
| Select group hotkey | 253 | |
| Use ability | 61 | |
1221 total
» units
» upgrades
| Improved Bows | 1 | |
| Hippogryph Taming | 1 | |
2 total
» buildings
| Altar of Elders | 1 | |
| Moon Well | 6 | |
| Ancient of War | 2 | |
| Tree of Ages | 1 | |
| Hunter's Hall | 1 | |
| Tree of Life | 6 | |
| Ancient of Wind | 2 | |
19 total
» build order
00:09 Altar of Elders
00:20 Moon Well
01:38 Ancient of War
01:40 Ancient of War
01:44 Moon Well
03:16 Moon Well
05:47 Tree of Ages
06:28 Hunter's Hall
06:45 Moon Well
07:16 Tree of Life
07:23 Tree of Life
08:16 Ancient of Wind
08:17 Ancient of Wind
08:48 Moon Well
11:32 Tree of Life
11:41 Moon Well
13:00 Tree of Life
13:23 Tree of Life
17:29 Tree of Life
» items
| Healing Salve | 1 | |
| Potion of Healing | 1 | |
2 total

»
Sofia (
orange | 92 APM | 2362 actions | 25:32)
6 Blademaster
3 Wind Walk
2 Critical Strike
1 Bladestorm
5 Shadow Hunter
3 Hex
2 Healing Wave
4 Tauren Chieftain
2 War Stomp
2 Endurance Aura
» actions
| Assign group hotkey | 60 | |
| Basic commands | 54 | |
| Build / train | 85 | |
| Enter build submenu | 17 | |
| Enter hero's abilities submenu | 17 | |
| Give item / drop item | 1 | |
| Right click | 819 | |
| Select / deselect | 434 | |
| Select group hotkey | 700 | |
| Use ability | 175 | |
2362 total
» units
| Peon | 17 | |
| Raider | 5 | |
| Wind Rider | 3 | |
| Shaman | 5 | |
| Troll Batrider | 9 | |
| Tauren | 2 | |
41 total
» upgrades
| Ensnare | 1 | |
| Envenomed Spears | 1 | |
| Liquid Fire | 1 | |
| Pillage | 1 | |
| Ranged Weapons | 1 | |
| Armor | 1 | |
| Shaman Training | 2 | |
| Reinforced Defenses | 1 | |
| Pulverize | 1 | |
| Melee Weapons | 1 | |
11 total
» buildings
| Orc Burrow | 7 | |
| Altar of Storms | 1 | |
| War Mill | 1 | |
| Stronghold | 1 | |
| Voodoo Lounge | 1 | |
| Beastiary | 3 | |
| Fortress | 1 | |
| Spirit Lodge | 1 | |
| Tauren Totem | 2 | |
18 total
» build order
00:09 Orc Burrow
00:11 Altar of Storms
01:22 War Mill
02:08 Stronghold
02:11 Voodoo Lounge
02:26 Orc Burrow
02:43 Orc Burrow
02:59 Orc Burrow
04:36 Beastiary
04:36 Beastiary
05:12 Beastiary
05:48 Fortress
11:46 Spirit Lodge
12:41 Tauren Totem
12:44 Tauren Totem
13:33 Orc Burrow
13:34 Orc Burrow
13:36 Orc Burrow
» items
| Staff of Teleportation | 1 | |
| Circlet of Nobility | 1 | |
| Boots of Speed | 1 | |
| Healing Salve | 4 | |
| Tiny Great Hall | 1 | |
| Rod of Necromancy | 1 | |
| Potion of Healing | 1 | |
| Lesser Clarity Potion | 1 | |
| Scroll of Town Portal | 2 | |
13 total

»
TLGRaven (
purple | 56 APM | 1443 actions | 25:32)
4 Keeper of the Grove
2 Entangling Roots
1 Force of Nature
1 Thorns Aura
» actions
| Assign group hotkey | 16 | |
| Basic commands | 83 | |
| Build / train | 51 | |
| Enter build submenu | 14 | |
| Enter hero's abilities submenu | 4 | |
| Right click | 524 | |
| Select / deselect | 261 | |
| Select group hotkey | 454 | |
| Use ability | 36 | |
1443 total
» units
| Wisp | 12 | |
| Huntress | 7 | |
| Mountain Giant | 2 | |
| Dryad | 12 | |
| Razormane Medicine Man | 1 | |
34 total
» upgrades
| Strength of the Wild | 3 | |
| Reinforced Hides | 3 | |
| Hardened Skin | 1 | |
| Abolish Magic | 1 | |
8 total
» buildings
| Altar of Elders | 1 | |
| Moon Well | 6 | |
| Hunter's Hall | 1 | |
| Ancient of War | 2 | |
| Tree of Ages | 1 | |
| Tree of Eternity | 1 | |
| Ancient of Wonders | 1 | |
| Ancient of Lore | 2 | |
15 total
» build order
00:07 Altar of Elders
00:12 Moon Well
01:32 Hunter's Hall
01:54 Ancient of War
02:06 Moon Well
02:30 Ancient of War
03:39 Moon Well
05:17 Moon Well
06:40 Tree of Ages
07:06 Moon Well
09:46 Tree of Eternity
09:51 Ancient of Wonders
09:57 Ancient of Lore
10:00 Ancient of Lore
14:44 Moon Well
» items
Chat log
(00:15 / Allies) Ze.Rath3isaFaig: want to rush?
(00:23 / Allies) ZestyTomatoes: ok
(00:42 / Allies) TLGRaven: yellow what hero and what units for rush
(00:50 / Allies) ZestyTomatoes: archers
(00:59 / Allies) ZestyTomatoes: havent deciced what hero
(01:09 / Allies) TLGRaven: gonna go kotg
(03:07 / Allies) Ze.Rath3isaFaig: we rush this idiot
(03:18 / Allies) TLGRaven: get the buildings hes building
(03:23 / Allies) TLGRaven: get the buildings orange
(03:30 / Allies) Ze.Rath3isaFaig: the well maybe or maybe not lol
(03:55 / Allies) TLGRaven: we should rush teal
(04:06 / Allies) Ze.Rath3isaFaig: yeah rush him hard please when rdy
(04:51 / Allies) Ze.Rath3isaFaig: don't lose all your units for that
(05:27 / Allies) TLGRaven: coming yellow
(05:28 / Allies) Ze.Rath3isaFaig: wtf you doing yellow
(05:29 / Allies) Ze.Rath3isaFaig: feeding?
(05:39 / Allies) TLGRaven: attack him
(05:41 / Allies) Ze.Rath3isaFaig: we had a nice easy run with teal if you wouldn't do that
(05:49 / Allies) Ze.Rath3isaFaig: look at him
(06:04 / Allies) TLGRaven: get teals hero
(06:15 / Allies) Ze.Rath3isaFaig: out
(06:17 / Allies) Ze.Rath3isaFaig: lets meet and hit
(06:57 / Allies) TLGRaven: what units is everyone going
(07:02 / Allies) Sofia: bats
(07:04 / Allies) Sofia: raiders
(07:36 / Allies) TLGRaven: pink check to see what teal is going
(07:38 / Allies) Ze.Rath3isaFaig: lets hit
(07:40 / Allies) Ze.Rath3isaFaig: green is weak
(07:41 / Allies) Ze.Rath3isaFaig: really weak
(07:42 / Allies) TLGRaven: k
(08:30 / Allies) Ze.Rath3isaFaig: meet lets hit now please
(08:40 / Allies) Ze.Rath3isaFaig: expos all come now
(08:55 / Allies) Ze.Rath3isaFaig: b
(08:56 / Allies) Ze.Rath3isaFaig: tp ornage
(09:24 / Allies) TLGRaven: teals hero
(09:34 / Allies) Ze.Rath3isaFaig: les go now
(09:59 / Allies) Ze.Rath3isaFaig: copme
(11:26 / Allies) Ze.Rath3isaFaig: get me blood lust please
(11:35 / Allies) Sofia: no wood
(11:53 / Allies) Ze.Rath3isaFaig: lol wtf
(11:55 / Allies) Ze.Rath3isaFaig: reapi tit
(12:04 / Allies) Ze.Rath3isaFaig: if you lose that
(12:05 / Allies) Ze.Rath3isaFaig: omfg
(12:13 / Allies) Ze.Rath3isaFaig: rofl gg
(12:20 / Allies) Ze.Rath3isaFaig: god you're stupid yellow
(12:33 / Allies) Ze.Rath3isaFaig: LETS MEET
(12:34 / Allies) Ze.Rath3isaFaig: AND HIT
(12:37 / Allies) Ze.Rath3isaFaig: THE EXPOS NOW
(12:38 / Allies) ZestyTomatoes: i need 40g
(12:39 / Allies) Ze.Rath3isaFaig: WE CAN WIN IF WE ALL HIT
(12:47 / Allies) Ze.Rath3isaFaig: gj on losing your base btw
(12:48 / Allies) ZestyTomatoes: 100g g
(12:54 / Allies) ZestyTomatoes: please?
(12:58 / Allies) Ze.Rath3isaFaig: LETS GO NOW
(12:59 / Allies) Ze.Rath3isaFaig: NOW
(13:01 / Allies) Ze.Rath3isaFaig: RIGHT UFCKING NOW
(13:05 / Allies) Ze.Rath3isaFaig: TP NOW
(13:23 / Allies) Ze.Rath3isaFaig: counter this
(13:24 / Allies) Ze.Rath3isaFaig: all come now pelase
(13:34 / Allies) Ze.Rath3isaFaig: unit
(13:35 / Allies) TLGRaven: let my mgs lead
(14:12 / Allies) Ze.Rath3isaFaig: WTF I YELLOW AT
(14:23 / Allies) ZestyTomatoes: busy saving my base
(15:01 / Allies) Ze.Rath3isaFaig: you suck so much it's ridiculous
(15:06 / Allies) Ze.Rath3isaFaig: your hyps would won teal righ tnow
(15:33 / Allies) Ze.Rath3isaFaig: need blood lust asap
(15:39 / Allies) Sofia: no wood!
(15:54 / Allies) TLGRaven: back
(15:55 / Allies) TLGRaven: back
(15:56 / Allies) Ze.Rath3isaFaig: rofl no tp for the loss
(16:19 / Allies) Ze.Rath3isaFaig: OUT
(16:23 / Allies) Ze.Rath3isaFaig: god i ahte you yellow
(16:25 / Allies) Ze.Rath3isaFaig: OUT
(16:33 / Allies) Ze.Rath3isaFaig: we lose because of him
(16:38 / Allies) Ze.Rath3isaFaig: GET OUT
(16:39 / Allies) Ze.Rath3isaFaig: GET OUT NOW
(16:40 / Allies) Ze.Rath3isaFaig: WOW GET OUT
(16:43 / Allies) Ze.Rath3isaFaig: save your hyps
(16:43 / Allies) TLGRaven: dismount
(16:51 / Allies) Ze.Rath3isaFaig: get back
(16:53 / Allies) Ze.Rath3isaFaig: gather at my base
(16:57 / Allies) TLGRaven: yellow sucks
(17:00 / Allies) Ze.Rath3isaFaig: and mass dryads we don't need your mgs
(17:11 / Allies) Ze.Rath3isaFaig: rofl so stupid
(17:15 / Allies) Ze.Rath3isaFaig: this team is retarded
(17:24 / Allies) Ze.Rath3isaFaig: yellow you suck cock
(17:24 / All) TLGRaven: if yellow dismounted wouldnt be an issue
(17:33 / Allies) ZestyTomatoes: go fuck yourself
(17:33 / Allies) Ze.Rath3isaFaig: yellow come to my base now
(17:36 / Allies) Ze.Rath3isaFaig: tp
(17:37 / Allies) ZestyTomatoes: couldnt handle 3 guys?
(17:40 / Allies) Ze.Rath3isaFaig: too late get out
(17:42 / Allies) Ze.Rath3isaFaig: get out
(17:46 / Allies) Ze.Rath3isaFaig: meet here
(17:59 / Allies) Ze.Rath3isaFaig: gogog
(18:04 / Allies) Ze.Rath3isaFaig: GO
(18:45 / Allies) TLGRaven: lets take out red
(18:59 / Allies) Ze.Rath3isaFaig: yellow is the biggest idiot
(19:00 / Allies) Ze.Rath3isaFaig: iv'e ever seen
(19:05 / Allies) ZestyTomatoes: how so?
(19:06 / Allies) ZestyTomatoes: tell me
(19:10 / Allies) Ze.Rath3isaFaig: you've never helped
(19:12 / Allies) Ze.Rath3isaFaig: you were never with us
(19:12 / Allies) ZestyTomatoes: explain it to me oh wise one
(19:16 / Allies) Ze.Rath3isaFaig: and you lost your base lmao
(19:22 / Allies) ZestyTomatoes: neither did you guys help me
(20:54 / Allies) Ze.Rath3isaFaig: stick together pelase
(21:11 / Allies) TLGRaven: waiting for razorman
(21:21 / Allies) Ze.Rath3isaFaig: come
(21:37 / Allies) TLGRaven: was getting razormane for heal
(21:38 / Allies) Ze.Rath3isaFaig: fight here
(21:40 / Allies) Ze.Rath3isaFaig: not at green
(21:52 / Allies) Ze.Rath3isaFaig: go
(22:06 / Allies) Ze.Rath3isaFaig: here next
(22:16 / Allies) Ze.Rath3isaFaig: GOGO NOW
(23:04 / Allies) Ze.Rath3isaFaig: here next
(23:09 / Allies) Ze.Rath3isaFaig: dont tp to that
(23:17 / Allies) Sofia: i dont have tp
(23:22 / Allies) Ze.Rath3isaFaig: buy a tp lease
(23:26 / Allies) Sofia: ok
(23:37 / Allies) Ze.Rath3isaFaig: come lets go
(23:43 / Allies) Ze.Rath3isaFaig: they'll tp to that
(24:40 / All) Ze.Rath3isaFaig: gg
(24:49 / All) po0py: gg
(25:01 / All) Ibos.: omg
(25:02 / All) Ibos.: gg
(25:13 / Allies) TLGRaven: take out towers plase pink
(25:26 / All) Ze.Rath3isaFaig: hope you had fun red